 Dungeon Crawl Stone Soup version 0.21.1-1-g345015f (webtiles) character file.

156 zhorgal the Shooter (level 5, -8/45 HPs)
             Began as a Centaur Arcane Marksman on Feb 17, 2018.
             Mangled by wotfoxis's ghost (16 damage)
             ... on level 4 of the Dungeon.
             The game lasted 00:11:56 (3112 turns).

zhorgal the Shooter (Centaur Arcane Marksman)       Turns: 3112, Time: 00:11:56

Health: -8/45      AC:  5    Str: 13    XL:     5   Next: 14%
Magic:  6/6        EV:  8    Int: 12    God:
Gold:   97         SH:  0    Dex: 10    Spells: 5/6 levels left

rFire    . . .     SeeInvis .   v - +0 long sword
rCold    . . .     Gourm    .   (no shield)
rNeg     . . .     Faith    .   n - +0 ring mail
rPois    .         Spirit   .   (no helmet)
rElec    .         Reflect  .   (no cloak)
rCorr    .         Harm     .   (no gloves)
MR       .....                  (no barding)
Stlth    ..........             (no amulet)
HPRegen  0.15/turn              (no ring)
MPRegen  0.10/turn              (no ring)

@: very quick
A: large, hooves 3, deformed body, speed 2, tough skin 3
a: no special abilities


You were on level 4 of the Dungeon.
You were hungry.

You visited 1 branch of the dungeon, and saw 4 of its levels.

You collected 97 gold pieces.

Inventory:

Hand Weapons
 a - a +0 shortbow
 b - a +0 short sword
 v - a +0 long sword (weapon)
Missiles
 d - 16 arrows
 w - 4 javelins (quivered)
Armour
 e - a +0 robe
 n - a +0 ring mail (worn)
Jewellery
 i - an uncursed ring of ice {unknown}
 s - an uncursed ring of protection from cold {unknown}
Wands
 x - a wand of digging (12)
Scrolls
 k - 2 scrolls of enchant weapon {unknown}
 l - a scroll of blinking {unknown}
 m - a scroll of teleportation {unknown}
 o - 3 scrolls of amnesia {unknown}
 p - a scroll of enchant armour {unknown}
 q - a scroll of magic mapping {unknown}
 r - a scroll of remove curse {unknown}
Potions
 g - a potion of lignification {unknown}
 h - a potion of resistance {unknown}
 j - a potion of cancellation {unknown}
 u - a potion of flight {unknown}
Books
 c - a book of Debilitation

   Spells                             Type                      Level
   a - Corona                         Hexes                        1
   b - Slow                           Hexes                        2
   c - Inner Flame                    Hexes/Fire                   3
   d - Portal Projectile              Hexes/Translocation          3
   e - Cause Fear                     Hexes                        4
   f - Leda's Liquefaction            Hexes/Earth                  4
Comestibles
 f - 6 rations


   Skills:
 + Level 3.5 Fighting
 + Level 5.3 Bows
 - Level 1.3 Dodging
 - Level 1.0 Spellcasting
 - Level 2.6 Hexes


You had 5 spell levels left.
You knew the following spells:

 Your Spells              Type           Power        Failure   Level  Hunger
a - Corona                Hex            #......      22%         1    ##.....


Dungeon Overview and Level Annotations

Branches:
Dungeon (4/15)
 Temple: D:4-7

Altars:

Annotations:
D:3 Frank's ghost, amateur OpFi; Natasha
D:4 wotfoxis's ghost, novice DECj


Innate Abilities, Weirdness & Mutations

You have hooves in place of feet.
Armour fits poorly on your strangely shaped body.
You cover ground very quickly.
You have extremely tough skin. (AC +3)


Message History

There is a stone staircase leading down here.
Natasha hisses angrily.
You climb downwards.
Wotfoxis's ghost (novice Deep Elf Conjurer) comes into view.
It is wielding a weapon of electrocution.
Wotfoxis's ghost turns its malevolent gaze towards you.
There is a stone staircase leading up here.
You slash wotfoxis's ghost! You kick wotfoxis's ghost.
Wotfoxis's ghost points at you and mumbles some strange words.
The magic dart hits you!
Wotfoxis's ghost hits you but does no damage.
You are electrocuted!
* * * LOW HITPOINT WARNING * * *
You take 25 damage, and have 9/45 hp.
MASSIVE DAMAGE!!
You hit wotfoxis's ghost. Wotfoxis's ghost hits you.
* * * LOW HITPOINT WARNING * * *
You hit wotfoxis's ghost. Wotfoxis's ghost hits you.
* * * LOW HITPOINT WARNING * * *
Wotfoxis's ghost hits you but does no damage.
You are electrocuted!
You die...

# #####
#.#...#
#.W@..#
#######


You could see wotfoxis's ghost.

Vanquished Creatures
  Natasha (D:3)
  6 adders
  2 worms (D:2)
  A dart slug (D:2)
  A leopard gecko (D:1)
  2 giant cockroaches
  9 goblins
  8 hobgoblins
  10 jackals
  4 quokkas
  4 bats
  4 frilled lizards
  7 kobolds
  9 rats
68 creatures vanquished.

Notes
Turn   | Place    | Note
-------+----------+-------------------------------------------
     0 | D:1      | zhorgal the Centaur Arcane Marksman began the quest for the Orb.
     0 | D:1      | Reached XP level 1. HP: 16/16 MP: 2/2
    96 | D:1      | Reached skill level 3 in Bows
   178 | D:1      | Reached XP level 2. HP: 20/23 MP: 3/3
   731 | D:1      | Reached XP level 3. HP: 29/29 MP: 4/4
   922 | D:2      | Reached skill level 4 in Bows
  1866 | D:2      | Reached XP level 4. HP: 30/37 MP: 5/5
  2597 | D:3      | Noticed Frank's ghost (amateur OpFi)
  2619 | D:3      | Reached skill level 5 in Bows
  2805 | D:3      | Noticed Natasha
  2812 | D:3      | Killed Natasha
  2812 | D:3      | Reached XP level 5. HP: 6/45 MP: 6/6
  3107 | D:3      | Noticed Natasha
  3109 | D:4      | Noticed wotfoxis's ghost (novice DECj)
  3112 | D:4      | Mangled by wotfoxis's ghost

Skill      XL: |  1  2  3  4 |
---------------+-------------+-----
Bows           | 3 4 5 |  5.3
Fighting       | 2 3 |  3.5
Dodging        | |  1.3
Spellcasting   | |  1.0
Hexes          | |  2.6

Action                   |  1- 3 |  4- 6 || total
-------------------------+-------+-------++-------
Melee: Short sword       |   111 |    35 ||   146
       Kick              |    18 |    18 ||    36
       Long sword        |       |    51 ||    51
 Fire: Shortbow          |    29 |       ||    29
 Cast: Corona            |     1 |     2 ||     3
  Eat: Chunk             |     2 |     3 ||     5
Armor: Robe              |    26 |       ||    26
       Ring mail         |    26 |    34 ||    60
Dodge: Dodged            |    56 |    55 ||   111
       Rpst.: Long sword |       |    20 ||    20
